 Dungeon Crawl Stone Soup version 0.26-a0-597-gb535b0901c (webtiles) character file.

Game seed: 7011134334169918333

120933 Alarkh the Black Belt (level 16, -2/134 HPs)
             Began as a Demonspawn Gladiator on Sept 14, 2020.
             Was a Follower of Uskayaw.
             Slain by a wolf spider (9 damage)
             ... on level 3 of the Spider Nest.
             The game lasted 00:57:09 (32272 turns).

Alarkh the Black Belt (Demonspawn Gladiator)       Turns: 32272, Time: 00:57:10

Health: -2/134     AC: 17    Str: 15    XL:     16   Next: 31%
Magic:  24/24      EV: 14    Int: 13    God:    Uskayaw [*.....]
Gold:   2421       SH:  0    Dex: 16    Spells: 15/15 levels left

rFire    + + +     SeeInvis +     - Unarmed
rCold    + . .     Faith    .   (no shield)
rNeg     + . .     Spirit   .   Z - +3 ring mail "Xugirhit" {rElec rF++ Int-2 SInv}
rPois    +         Reflect  .   l - +1 hat
rElec    +         Harm     .   w - scarf {rC+ rF+}
rCorr    .         Clarity  +   t - +0 pair of gloves
MR       ++++.                  (no boots)
Stlth    +.........             y - amulet of the Four Winds {rN+ MR+++ Clar}
HPRegen  1.32/turn              V - +4 ring of protection
MPRegen  0.19/turn              s - ring of poison resistance

@: mighty, lethally poisoned (-2 -> -3)
A: claws 2, horns 1, iridescent scales 1, low mp 1, powered by death 2, powered
by pain 3, evolution 1, MP-powered wands
a: Stomp, Renounce Religion


You were on level 3 of the Spider Nest.
You worshipped Uskayaw.
Uskayaw was pleased with you.
You visited 5 branches of the dungeon, and saw 27 of its levels.
You also visited: Ice Cave.

You collected 3038 gold pieces.
You spent 617 gold pieces at shops.

Inventory:

Armour
 l - a +1 hat (worn)
 t - a +0 pair of gloves (worn)
 w - a scarf of resistance (worn)
 Z - the +3 ring mail "Xugirhit" (worn) {rElec rF++ Int-2 SInv}
   (You bought it in a shop on level 15 of the Dungeon)

   It affects your intelligence (-2).
   It greatly protects you from fire.
   It insulates you from electricity.
   It lets you see invisible.
Jewellery
 b - an uncursed ring of see invisible
 m - a +4 ring of evasion
 s - a ring of poison resistance (right hand)
 x - an uncursed ring of stealth
 y - the amulet of the Four Winds (around neck) {rN+ MR+++ Clar}
   (You found it on level 6 of the Dungeon)

   [amulet of nothing]

   It protects you from negative energy.
   It affects your resistance to hostile enchantments.
   It protects you against confusion.
 V - a +4 ring of protection (left hand)
Wands
 f - a wand of digging (4)
 q - a wand of disintegration (5)
 v - a wand of flame (60)
 A - a wand of iceblast (26)
 D - a wand of polymorph (19)
 F - a wand of random effects (11)
 J - a wand of acid (28)
 Q - a wand of paralysis (27)
Scrolls
 a - 4 scrolls of blinking
 e - 12 scrolls of remove curse
 g - 7 scrolls of fog
 h - 3 scrolls of noise {unknown}
 k - 2 scrolls of enchant weapon
 n - a scroll of silence {unknown}
 p - 2 scrolls of teleportation
 r - a scroll of identify
 z - 2 scrolls of amnesia
 L - a scroll of magic mapping
 M - a scroll of vulnerability
 N - 2 scrolls of summoning {unknown}
 R - 2 scrolls of brand weapon {unknown}
 U - a scroll of holy word
 X - 2 scrolls of enchant armour
Potions
 c - a potion of mutation
 d - 6 potions of brilliance
 i - a potion of resistance
 j - 4 potions of curing
 o - 3 potions of stabbing
 C - a potion of heal wounds
 K - 3 potions of flight
 P - 2 potions of magic
 Y - a potion of might
Miscellaneous
 u - a phantom mirror


   Skills:
 + Level 14.8 Fighting
 - Level 1.7 Throwing
 + Level 5.5 Armour
 + Level 6.2 Dodging
 - Level 0.3 Stealth
 * Level 18.5 Unarmed Combat
 + Level 14.9 Invocations


You had 15 spell levels left.
You didn't know any spells.
Your spell library contained the following spells:

 Spells                   Type           Power        Failure   Level
 Animate Skeleton         Necr           #.....       50%         1
 Corona                   Hex            #......      50%         1
 Magic Dart               Conj           #...         50%         1
 Pain                     Necr           #...         50%         1
 Shock                    Conj/Air       #...         50%         1
 Blink                    Tloc           N/A          65%         2
 Call Imp                 Summ           #.......     65%         2
 Ensorcelled Hibernation  Hex/Ice        #.....       65%         2
 Slow                     Hex            #.......     65%         2
 Swiftness                Air            #.......     65%         2
 Confusing Touch          Hex            #.......     86%         3
 Conjure Flame            Conj/Fire      #.......     86%         3
 Dazzling Flash           Conj/Hex       #.....       86%         3
 Gell's Gravitas          Tloc           #.........   86%         3
 Lesser Beckoning         Tloc           #.........   86%         3
 Mephitic Cloud           Conj/Pois/Air  #.......     86%         3
 Static Discharge         Conj/Air       #.......     86%         3
 Teleport Other           Tloc           #.......     86%         3
 Tukima's Dance           Hex            #.......     86%         3
 Vampiric Draining        Necr           #.........   86%         3
 Airstrike                Air            #.........   99%         4
 Animate Dead             Necr           #.........   99%         4
 Ice Form                 Ice/Tmut       #.......     99%         4
 Passage of Golubria      Tloc           N/A          99%         4
 Agony                    Necr           #.......     100%        5
 Borgnjor's Vile Clutch   Necr/Erth      #.........   100%        5
 Lightning Bolt           Conj/Air       #.........   100%        5
 Metabolic Englaciation   Hex/Ice        #.........   100%        5
 Death Channel            Necr           #.........   100%        6
 Freezing Cloud           Conj/Ice/Air   #.........   100%        6
 Ozocubu's Refrigeration  Ice            #.........   100%        6
 Simulacrum               Ice/Necr       #.........   100%        6


Dungeon Overview and Level Annotations

Branches:
Dungeon (15/15)            Temple (1/1) D:5            Lair (6/6) D:8
  Swamp (0/4) Lair:3       Spider (3/4) Lair:2        Slime (0/5) Lair:5
    Orc (2/2) D:11            Elf (0/3) Orc:2        Vaults (0/5) D:14
 Depths (0/5) D:15          IceCv (visited)

Altars:
Ashenzari
Cheibriados
Dithmenos
Elyvilon
Fedhas
Gozag
Hepliaklqana
Kikubaaqudgha
Makhleb
Nemelex Xobeh
Okawaru
Qazlal
Ru
Sif Muna
Trog
Uskayaw
Vehumet
Wu Jian
Xom
Yredelemnul
Zin
The Shining One
Beogh
Lugonu

Shops:
D:10 (   D:12 *   D:15 *   Orc:2 *(:=[

Annotations:
D:13 1 runed translucent door, Asimnicu's ghost, journeyman DrCj
Lair:1 exclusion: oklob plant
Lair:2 2 transporters, Gibetzo's ghost, journeyman GnSk
Lair:5 exclusion: 4 oklob plants
Orc:1 1 runed translucent door, Tenar's ghost, journeyman DsFi


Innate Abilities, Weirdness & Mutations

You have very sharp fingernails.
You are partially covered in iridescent scales. (AC +2)
You regenerate health from kills.
You are powered by pain.
You have a pair of small horns on your head.
Your magical capacity is low. (-10% MP)
You evolve.
You expend magic power (3 MP) to strengthen your wands.


Message History

You feel sick.
You hear an angry hiss.
The hornet closely misses you.
The hornet stings you but does no damage.
The moth of wrath bites you.
You pummel the hornet!!
You kill the hornet!
You feel sick. The moth of wrath bites you.
The jumping spider leaps!
Unknown command.
You pummel the jumping spider!! You headbutt the jumping spider.
You kill the jumping spider!
You feel yourself speed up.
You feel sick. The moth of wrath bites you.
* * * LOW HITPOINT WARNING * * *
A redback comes into view.
The moth of wrath goads the wolf spider on!
The wolf spider goes berserk!
The wolf spider hits you!!
* * * LOW HITPOINT WARNING * * *
The wolf spider bites you!
You die...

#^..### #.....## ##.....#
###....##### #......###.#
#.......#..## ###
#..#..###^.^# ##.#
#..#..^.^...#####.^###
#..#.......##sy@#..#^##
#.###..##...^.s##.^#..##
##
##..#....^s.s.s.^..###.##
#..#...##..^##..s.^.^..#
#####.(.≈^...#...#.....#
#####≈#≈≈#...#.......
#≈≈≈#≈#..≈≈.#..... #≈#≈
#.^≈##≈≈###.. ###≈#..#≈≈
#≈≈ .


You could see 2 wolf spiders, a moth of wrath and a redback.

Vanquished Creatures
  Donald (Spider:1)
  A frost giant (IceCv)
  A ghost moth (Spider:3)
  An orc warlord (Orc:2)
  5 entropy weavers
  A very ugly thing (D:14)
  Snorg (D:11)
  A yaktaur captain (D:15)
  A fire dragon (Lair:6)
  Josephine (Orc:1)
  8 hydras
  4 vault guards (D:14)
  6 two-headed ogres
  A queen ant (Lair:5)
  4 centaur warriors
  4 death yaks
  2 orc high priests (Orc:2)
  Sonja (Lair:4)
  Urug (D:10)
  Nergalle (Orc:1)
  A fire crab (Lair:2)
  3 unseen horrors
  A flayed ghost (D:15)
  A lindwurm (Lair:6)
  10 orb spiders
  3 orc knights (Orc:2)
  A wolf spider zombie (D:14)
  8 wolf spiders
  2 deep elf magi (D:14)
  2 orc sorcerers (Orc:2)
  8 cyclopes
  6 ugly things (D:14)
  2 manticores
  6 black mambas
  8 elephants
  An ice statue (IceCv)
  Psyche (D:10)
  7 cane toads
  A torpor snail (Lair:6)
  3 molten gargoyles (Lair:6)
  3 gargoyles
  Maggie (D:10)
  3 rime drakes
  8 komodo dragons
  10 demonic crawlers
  7 jumping spiders
  3 trolls
  A meliai (shapeshifter) (D:14)
  6 hornets
  19 polar bears
  10 blink frogs
  Grinder (D:6)
  13 slime creatures
  A meliai zombie (D:14)
  9 hippogriffs
  8 tarantellas
  32 redbacks
  3 shadows
  8 wyverns
  41 yaks
  3 water elementals
  6 wraiths
  A yak (shapeshifter) (D:14)
  A vampire (D:10)
  8 basilisks
  5 humans
  3 vampire mosquitoes
  Edmund (D:6)
  3 insubstantial wisps (Lair:3)
  2 steam dragons (Lair:6)
  2 wargs (Orc:2)
  An acid dragon (D:14)
  22 soldier ants
  13 water moccasins
  9 porcupines
  5 hell hounds (Lair:6)
  A black bear (Lair:2)
  12 ice beasts
  26 orc warriors
  5 ogres
  4 sky beasts
  28 wolves
  A boggart (D:14)
  10 centaurs
  8 crocodiles
  Blork the orc (D:6)
  23 bullfrogs
  A wyvern skeleton (D:12)
  A scorpion (D:10)
  A troll zombie (D:9)
  4 wights
  2 electric eels
  6 howler monkeys
  13 killer bees
  2 bullfrog zombies
  5 lava snakes (Lair:6)
  4 centaur zombies
  2 bullfrog skeletons
  3 hounds
  7 jellies
  3 centaur skeletons
  4 human zombies (D:9)
  20 orc priests
  2 human skeletons (D:9)
  21 orc wizards
  3 iguanas
  Natasha (thrice) (D:3)
  30 worker ants
  2 hound skeletons
  A mummy (D:9)
  2 worker ant zombies
  A gnoll (D:1)
  A howler monkey skeleton (D:11)
  14 adders
  A shadow imp (D:5)
  A white imp (D:7)
  An ufetubus (D:8)
  An ooze (D:2)
  3 adder skeletons
  2 adder zombies (D:6)
  9 worms
  3 dart slugs
  11 leopard geckos
  64 orcs
  7 bats
  5 giant cockroaches
  5 goblins
  6 hobgoblins
  7 jackals
  4 kobolds
  7 quokkas
  10 frilled lizards
  A giant cockroach zombie (D:5)
  A leopard gecko skeleton (D:4)
  An orc skeleton (D:9)
  An orc zombie (D:9)
  2 quokka skeletons (D:4)
  9 rats
832 creatures vanquished.

Vanquished Creatures (others)
  2 yaks (IceCv)
  4 wolves (IceCv)
  An orc (Orc:2)
  42 fungi
  109 plants
158 creatures vanquished.

Grand Total: 990 creatures vanquished

Notes
Turn   | Place    | Note
-------+----------+-------------------------------------------
     0 | D:1      | Alarkh the Demonspawn Gladiator began the quest for the
                  | Orb.
     0 | D:1      | Reached XP level 1. HP: 16/16 MP: 1/1
   141 | D:1      | Reached skill level 3 in Unarmed Combat
   144 | D:1      | Gained mutation: You have sharp fingernails. [demonic
                  | ancestry]
   144 | D:1      | Reached XP level 2. HP: 9/22 MP: 2/2
   928 | D:1      | Gained mutation: You sometimes gain a little power by
                  | taking damage. [demonic ancestry]
   928 | D:1      | Reached XP level 3. HP: 28/28 MP: 3/3
  1382 | D:2      | Found a glowing silver altar of Zin.
  1909 | D:1      | Reached skill level 4 in Unarmed Combat
  1909 | D:1      | Gained mutation: You sometimes gain power by taking damage.
                  | [demonic ancestry]
  1909 | D:1      | Reached XP level 4. HP: 18/34 MP: 4/4
  2684 | D:2      | Found a sacrificial altar of Ru.
  2777 | D:3      | Noticed Natasha
  2998 | D:3      | Killed Natasha
  2998 | D:3      | Reached XP level 5. HP: 34/41 MP: 5/5
  3003 | D:3      | Found a shadowy altar of Dithmenos.
  3201 | D:3      | Found an ancient bone altar of Kikubaaqudgha.
  3251 | D:3      | Noticed Natasha
  3260 | D:3      | Killed Natasha
  3341 | D:3      | Reached skill level 5 in Unarmed Combat
  3606 | D:3      | Noticed Natasha
  3862 | D:3      | Killed Natasha
  3974 | D:4      | Reached XP level 6. HP: 48/48 MP: 6/6
  4479 | D:5      | Entered Level 5 of the Dungeon
  4598 | D:5      | Found a staircase to the Ecumenical Temple.
  4910 | D:5      | Reached skill level 6 in Unarmed Combat
  4927 | Temple   | Entered the Ecumenical Temple
  5112 | D:5      | Found a sparkling altar of Nemelex Xobeh.
  5203 | D:5      | Reached XP level 7. HP: 30/55 MP: 5/7
  5534 | D:6      | Found the amulet of the Four Winds {rN+ MR+++ Clar}
  5634 | D:6      | Noticed Edmund
  5699 | D:6      | Noticed Blork the orc
  5909 | D:6      | Killed Blork the orc
  5909 | D:6      | Reached skill level 5 in Fighting
  6131 | D:6      | Noticed Grinder
  6136 | D:6      | Reached skill level 7 in Unarmed Combat
  6154 | D:6      | Killed Grinder
  6154 | D:6      | Reached XP level 8. HP: 48/63 MP: 8/8
  6282 | D:6      | Gained mutation: You tend to lose your temper in combat.
                  | [potion of mutation]
  6282 | D:6      | Gained mutation: Your body sometimes deteriorates upon
                  | taking damage. [potion of mutation]
  6282 | D:6      | Gained mutation: You are partially covered in iridescent
                  | scales. (AC +2) [potion of mutation]
  6282 | D:6      | Gained mutation: You have a pair of small horns on your
                  | head. [potion of mutation]
  6296 | D:6      | Killed Edmund
  6303 | D:6      | Reached skill level 8 in Unarmed Combat
  6307 | D:6      | HP: 4/96 [killer bee (5)]
  7026 | D:5      | Reached skill level 9 in Unarmed Combat
  7051 | D:5      | Gained mutation: You are powered by pain. [demonic
                  | ancestry]
  7051 | D:5      | Reached XP level 9. HP: 48/72 MP: 9/9
  7680 | D:6      | Found an iron altar of Okawaru.
  7885 | D:7      | Found a snail-covered altar of Cheibriados.
  7902 | D:7      | Found a bloodstained altar of Trog.
  7913 | D:7      | Reached skill level 10 in Unarmed Combat
  7989 | D:7      | Found a white marble altar of Elyvilon.
  8006 | D:7      | Found a hide-covered altar of Uskayaw.
  8022 | D:7      | Became a worshipper of Uskayaw the Reveler
  8053 | D:7      | Reached * piety under Uskayaw
  8058 | D:7      | Reached ** piety under Uskayaw
  8072 | D:7      | Reached *** piety under Uskayaw
  8209 | D:7      | Found a shadowy altar of Dithmenos.
  8284 | D:7      | Found a shadowy altar of Dithmenos.
  8285 | D:7      | Found a hazy altar of Hepliaklqana.
  8320 | D:8      | Found a stormy altar of Qazlal.
  8341 | D:8      | Found a blossoming altar of Fedhas.
  8397 | D:8      | Reached **** piety under Uskayaw
  8402 | D:8      | Reached ***** piety under Uskayaw
  8403 | D:8      | Reached skill level 11 in Unarmed Combat
  8596 | D:8      | Found a staircase to the Lair.
  8605 | D:8      | Gained mutation: You have very sharp fingernails. [demonic
                  | ancestry]
  8605 | D:8      | Reached XP level 10. HP: 46/82 MP: 10/10
  8823 | D:8      | Noticed a two-headed ogre
  8834 | D:8      | Killed a two-headed ogre
  9067 | D:8      | Found a burning altar of Makhleb.
  9164 | D:8      | Found an ornate altar of the Wu Jian Council.
  9263 | D:8      | Noticed a two-headed ogre
  9274 | D:8      | Killed a two-headed ogre
  9274 | D:8      | Reached skill level 12 in Unarmed Combat
  9726 | D:9      | Reached skill level 1 in Invocations
 10042 | D:9      | Reached XP level 11. HP: 76/90 MP: 12/12
 10058 | D:9      | Reached skill level 10 in Fighting
 10404 | D:9      | Found a basalt altar of Yredelemnul.
 10475 | D:10     | Entered Level 10 of the Dungeon
 10478 | D:10     | Found Huroplun's Antique Weapon Boutique.
 10494 | D:10     | Noticed Urug
 10519 | D:10     | Killed Urug
 10744 | D:10     | Noticed Psyche
 10758 | D:10     | Killed Psyche
 10861 | D:10     | Reached skill level 13 in Unarmed Combat
 11080 | D:10     | Killed an unseen horror
 11223 | D:10     | Noticed Maggie
 11261 | D:10     | Killed Maggie
 11484 | D:10     | Reached skill level 5 in Invocations
 11585 | D:11     | Found a shimmering altar of Xom.
 11656 | D:11     | Noticed Snorg
 11671 | D:11     | Killed Snorg
 11769 | D:11     | Found a staircase to the Orcish Mines.
 11842 | D:11     | Noticed a four-headed hydra
 11871 | D:11     | Killed a four-headed hydra
 12390 | D:12     | Reached XP level 12. HP: 100/100 MP: 17/17
 12405 | D:12     | Reached skill level 14 in Unarmed Combat
 12464 | D:12     | Found a white marble altar of Elyvilon.
 12600 | D:12     | Found Qutull's General Store.
 12825 | D:12     | Bought a scroll of blinking for 97 gold pieces
 13120 | Lair:1   | Entered Level 1 of the Lair of Beasts
 13780 | Lair:1   | Found a blossoming altar of Fedhas.
 14237 | Lair:2   | Noticed a seven-headed hydra
 14244 | Lair:2   | Killed a seven-headed hydra
 14303 | Lair:2   | Found a hole to the Spider Nest.
 14381 | Lair:2   | Found a transporter.
 14403 | Lair:2   | Noticed Gibetzo's ghost (journeyman GnSk)
 14630 | Lair:2   | Noticed a four-headed hydra
 14637 | Lair:2   | Killed a four-headed hydra
 14807 | Lair:2   | Found a transporter.
 14868 | Lair:2   | Noticed a six-headed hydra
 14873 | Lair:2   | Killed a six-headed hydra
 14873 | Lair:2   | Reached skill level 15 in Unarmed Combat
 15225 | Lair:3   | Mutation became permanent: You are partially covered in
                  | iridescent scales. (AC +2) [demonic ancestry]
 15225 | Lair:3   | Gained mutation: You are partially covered in iridescent
                  | scales. (AC +2) [demonic ancestry]
 15225 | Lair:3   | Reached XP level 13. HP: 103/108 MP: 20/20
 15253 | Lair:3   | Found a staircase to the Swamp.
 15312 | Lair:3   | Reached skill level 10 in Invocations
 16601 | Lair:4   | Noticed Sonja
 16613 | Lair:4   | Killed Sonja
 16848 | Lair:5   | Reached ****** piety under Uskayaw
 16865 | Lair:5   | Noticed an entropy weaver
 17189 | Lair:5   | Found a staircase to the Slime Pits.
 17418 | Lair:5   | Noticed an entropy weaver
 17866 | Lair:5   | Killed an entropy weaver
 18148 | Lair:6   | Entered Level 6 of the Lair of Beasts
 18359 | Lair:5   | Reached skill level 16 in Unarmed Combat
 19336 | Lair:6   | Gained mutation: You regenerate a little health from kills.
                  | [demonic ancestry]
 19336 | Lair:6   | Reached XP level 14. HP: 102/118 MP: 22/22
 20267 | Lair:6   | Found a large runed translucent door.
 20268 | Lair:6   | Found a large runed translucent door.
 20699 | Lair:4   | Killed an entropy weaver
 20954 | Orc:1    | Entered Level 1 of the Orcish Mines
 20985 | Orc:2    | Entered Level 2 of the Orcish Mines
 21021 | Orc:2    | Found a staircase to the Elven Halls.
 21378 | Orc:1    | Noticed Josephine
 21393 | Orc:1    | Killed Josephine
 21403 | Orc:1    | Found a runed translucent door.
 21403 | Orc:1    | Found a shimmering altar of Xom.
 21403 | Orc:1    | Noticed Tenar's ghost (journeyman DsFi)
 21609 | Orc:1    | Noticed Nergalle
 21616 | Orc:1    | Killed Nergalle
 21792 | Orc:2    | Found a roughly hewn altar of Beogh.
 21820 | Orc:2    | Noticed an orc warlord
 21848 | Orc:2    | Killed an orc warlord
 21848 | Orc:2    | Reached skill level 17 in Unarmed Combat
 22134 | Orc:2    | Found Qar Pidu's Antique Weapon Shop.
 22152 | Orc:2    | Found Haod Yba's General Store.
 22191 | Orc:2    | Bought an uncursed ring of see invisible for 240 gold
                  | pieces
 22200 | Orc:2    | Found Dejeidob's Book Shop.
 22258 | Orc:2    | Found Pocs's Jewellery Shop.
 22486 | Orc:2    | Found a roughly hewn altar of Beogh.
 22705 | Orc:2    | Found Secent's Antique Armour Shop.
 23046 | D:13     | HP: 4/119 [yak (14)]
 23251 | D:13     | You fall into a shaft and drop 1 floor!
 23316 | D:14     | Reached skill level 1 in Armour
 23319 | D:14     | Lost mutation: Your body sometimes deteriorates upon taking
                  | damage. [potion of mutation]
 23319 | D:14     | Lost mutation: You have a pair of small horns on your head.
                  | [potion of mutation]
 23319 | D:14     | Lost mutation: You tend to lose your temper in combat.
                  | [potion of mutation]
 23319 | D:14     | Gained mutation: You have a pair of small horns on your
                  | head. [potion of mutation]
 23319 | D:14     | Gained mutation: Your magical capacity is low. (-10% MP)
                  | [potion of mutation]
 23319 | D:14     | Gained mutation: You evolve. [potion of mutation]
 23950 | D:13     | Found a runed translucent door.
 23953 | D:13     | Noticed Asimnicu's ghost (journeyman DrCj)
 24310 | D:14     | Reached XP level 15. HP: 68/125 MP: 22/22
 24532 | D:14     | Found a gate to the Vaults.
 24998 | D:14     | Found the brooch of Shielding {Spirit SH+8}
 25369 | D:15     | Entered Level 15 of the Dungeon
 25431 | D:15     | Got a twisted leather armour
 25444 | D:15     | Identified the +3 leather armour "Dyperphyvups" {rElec}
                  | (You found it on level 15 of the Dungeon)
 25546 | D:15     | Found a frozen archway.
 25586 | IceCv    | Entered an ice cave
 25831 | IceCv    | Found the +2 hat of the Bear Spirit {Spirit, +Rage rN+
                  | MR++}
 26134 | IceCv    | Gained mutation: You expend magic power (3 MP) to
                  | strengthen your wands. [evolution]
 26238 | IceCv    | Noticed a frost giant
 26270 | IceCv    | Killed a frost giant
 26270 | IceCv    | Reached skill level 5 in Dodging
 26309 | IceCv    | Got a bound turquoise ring
 26318 | IceCv    | Identified the ring "Orecaz" {rElec rPois rC+ Str-5 Int-4}
                  | (You found it in an ice cave)
 26517 | D:15     | Reached skill level 18 in Unarmed Combat
 26746 | D:15     | Found a staircase to the Depths.
 26937 | D:15     | Found Ijeth's Assorted Antiques.
 26945 | D:15     | Bought a scroll labeled GESHRA KIEMY for 28 gold pieces
 26945 | D:15     | Bought a blackened ring mail for 252 gold pieces
 26956 | D:15     | Identified the +3 ring mail "Xugirhit" {rElec rF++ Int-2
                  | SInv} (You bought it in a shop on level 15 of the Dungeon)
 27478 | Spider:1 | Entered Level 1 of the Spider Nest
 27554 | Spider:1 | Paralysed by a hornet for 1 turns
 27694 | Spider:1 | You fall into a shaft and drop 1 floor!
 28200 | Spider:1 | Noticed Donald
 28218 | Spider:1 | HP: 2/127 [Donald/+0 vorpal war axe (6)]
 28864 | Spider:1 | Killed Donald
 29723 | Spider:2 | Paralysed by a hornet for 2 turns
 29761 | Spider:2 | Gained mutation: You regenerate health from kills. [demonic
                  | ancestry]
 29761 | Spider:2 | Reached XP level 16. HP: 75/134 MP: 24/24
 30726 | Spider:2 | HP: 2/134 [disintegration (43)]
 30733 | Spider:1 | HP: 2/134 [poisoned by a redback]
 31191 | Spider:2 | Reached skill level 5 in Armour
 32272 | Spider:3 | Slain by a wolf spider

Illustrated notes

Levels and vault maps discovered:
D:1:      mushboom_english_gardens, layout_loops_corners
D:2:      layout_loops_corners, old_standard_altar,
          nicolae_ru_the_path_less_chosen
D:3:      layout_rooms, nicolae_overflow_crystal_walls,
          nicolae_dithmenos_shadow_blocks, uniq_natasha
D:4:      layout_cave_pools
D:5:      layout_rooms, nemelex_altar_shiori, minmay_temple_entry_sparse_star
D:6:      layout_rooms, okawaru_metal_pillars_3, minmay_ruffians, uniq_edmund,
          uniq_blork_the_orc, uniq_grinder
D:7:      layout_rooms, riverfiend_overflow_shadow_ancestor, bloody_trog,
          kennysheep_little_box, eat_drink_and_be_merry_uskayaw, basic_altar,
          cheibriados_altar_1
D:8:      layout_basic, grunt_temple_overflow_forces_of_nature,
          marbit_many_paths, kennysheep_mini_moat, minmay_lair_entry_grove
D:9:      layout_loops_ring, lemuel_mausoleum_altar_yredelemnul,
          minmay_fountain_box, serial_park_tiny_1
D:10:     layout_irregular_city, serial_shops, nicolae_shop_waterfront,
          uniq_psyche, uniq_maggie, uniq_urug
D:11:     layout_basic, orc_0_dummy, basic_altar, grunt_decor_one_mirror,
          uniq_snorg
D:12:     layout_small_grid, serial_shops, shop_fountains, elyvilon_altar_3
D:13:     layout_roguey, ebering_ghost_inner_flame, kennysheep_dice
D:14:     minmay_tri_box, layout_basic, lightli_vaults_fourway_checkpoint,
          hangedman_decor_clover_reticule, serial_bayou, serial_bayou_pond_c,
          serial_bayou_pond_c, serial_bayou_pond_c, serial_bayou_pond_c,
          grunt_ministairs_14, small_statue_intersection
D:15:     grunt_enter_depths_snipers, layout_irregular_city, serial_shops, shop,
          serial_bayou_ford_a, portal_ice_cave_entry_ice_beasts,
          minmay_microvault
Temple:   corrupted_temple
Lair:1:   layout_regular_city, tgw_fedhas, grunt_megastairs_5
Lair:2:   layout_regular_city, dummy_spider_entry,
          gammafunk_ghost_berserking_beasts, fungi_pond_lemuel,
          minmay_shattered_shrine
Lair:3:   layout_gridlike, minmay_swamp_entry_wisps
Lair:4:   layout_small_grid, uniq_sonja
Lair:5:   layout_regular_city, minmay_slime_entry_oklob_open, minivault_29
Lair:6:   cheibrodos_lair_end_hotspot, layout_regular_city, lemuel_fruit_tree
Spider:1: layout_chambers, uniq_donald
Spider:2: layout_spider_delve, nicolae_crawler_farm
Spider:3: layout_spider_delve
Orc:1:    layout_diamond_mine, ebering_ghost_xom, uniq_nergalle, uniq_josephine
Orc:2:    grunt_orc_cross, layout_diamond_mine, serial_shops,
          nicolae_shop_waterfront, basic_altar, mumra_transporter_accident

Skill      XL: |  1  2  3  4  5  6  7  8  9 10 11 12 13 14 15 16 |
---------------+-------------------------------------------------+-----
Unarmed Combat | 3 4 5 6 7 9 11 12 13 15 16 17 18 | 18.5
Fighting       | 3 4 5 7 8 9 11 12 13 14 | 14.8
Invocations    | 2 6 9 11 13 14 | 14.9
Armour         | 2 4 5 |  5.5
Dodging        | 3 5 6 |  6.2
Throwing       | |  1.7
Stealth        | |  0.3

Action                   |  1- 3 |  4- 6 |  7- 9 | 10-12 | 13-15 | 16-18 || total
-------------------------+-------+-------+-------+-------+-------+-------++-------
Melee: Unarmed           |   166 |   262 |   364 |   808 |  1747 |   213 ||  3560
       Punch             |     3 |     9 |     8 |    53 |   146 |    20 ||   239
       Headbutt          |       |       |    34 |   173 |   323 |    53 ||   583
Throw: Throwing net      |     5 |       |     1 |       |       |       ||     6
Invok: Grand Finale      |       |       |       |       |     1 |       ||     1
Evoke: Wand              |       |       |       |    14 |    18 |     3 ||    35
  Use: Potion            |       |       |     9 |     3 |     7 |     7 ||    26
       Scroll            |       |       |     5 |    11 |    26 |     2 ||    44
 Stab: Held in net/web   |     6 |       |     1 |       |       |       ||     7
       Sleeping          |       |     1 |     1 |     1 |     1 |       ||     4
       Paralysed         |       |       |     3 |    42 |   128 |    31 ||   204
Armor: Leather armour    |    40 |    40 |    49 |    25 |       |       ||   154
       Skin              |       |       |   100 |       |       |       ||   100
       Troll leather arm |       |       |       |   171 |   449 |       ||   620
       Ring mail         |       |       |       |       |    67 |   148 ||   215
Dodge: Dodged            |    97 |   184 |   251 |   536 |  1074 |   197 ||  2339

Table legend: (Time is in decaauts)
 A = Elapsed time spent in this place.
 B = Non-inter-level travel time spent in this place.
 C = Inter-level travel time spent in this place.
 D = Time resting spent in this place.
 E = Time spent auto-exploring this place.
 F = Levels seen in this place.
 G = Mean time per level.
                   A        B        C        D        E       F      G
               +--------+--------+--------+--------+--------+-----+--------+
         Total |  31467 |  29780 |   1687 |   7644 |  15768 |  28 | 1123.8 |
       Dungeon |  16494 |  15527 |    967 |   3585 |   8556 |  15 | 1099.6 |
        Temple |    144 |    132 |     12 |      0 |    132 |   1 |  144.0 |
          Lair |   7374 |   6906 |    468 |   1384 |   3937 |   6 | 1229.0 |
   Spider Nest |   4686 |   4559 |    127 |   2336 |   1606 |   3 | 1562.0 |
  Orcish Mines |   1939 |   1828 |    111 |    337 |   1020 |   2 |  969.5 |
      Ice Cave |    828 |    828 |      0 |      0 |    516 |   1 |  828.0 |
               +--------+--------+--------+--------+--------+-----+--------+

Top non-repeatable levels by time:
Spider:1: 3455 daAuts
     D:5: 1883 daAuts
  Lair:5: 1820 daAuts
  Lair:6: 1610 daAuts
     D:1: 1600 daAuts
    D:14: 1371 daAuts
     D:2: 1370 daAuts
     D:8: 1359 daAuts
  Lair:4: 1322 daAuts
   Orc:2: 1210 daAuts
     D:4: 1149 daAuts
    D:10: 1105 daAuts
     D:9: 1078 daAuts
     D:6: 1042 daAuts
    D:15: 1038 daAuts
